 Dungeon Crawl Stone Soup version 0.23.2-33-g5129a83184 (webtiles) character file.

Game seed: 13190206031507144174

27478 misha the Warrior (level 13, -7/172 HPs)
             Began as a Merfolk Fighter on July 26, 2019.
             Was an Elder of Trog.
             Mangled by a death yak (16 damage)
             ... on level 5 of the Lair of Beasts.
             The game lasted 00:54:34 (22469 turns).

misha the Warrior (Merfolk Fighter)                Turns: 22469, Time: 00:54:35

Health: -7/172     AC: 15    Str: 26    XL:     13   Next: 32%
Magic:  13/13      EV:  6    Int:  8    God:    Trog [****..]
Gold:   1030       SH: 14    Dex: 13    Spells: 12/12 levels left

rFire    + . .     SeeInvis .   R - +4 trident
rCold    . . .     Gourm    .   c - +0 shield
rNeg     . . .     Faith    .   K - +0 plate armour
rPois    .         Spirit   .   p - +2 hat
rElec    .         Reflect  .   x - scarf {repulsion}
rCorr    +         Harm     .   (no gloves)
MR       .....                  U - +1 pair of boots
Stlth    ..........             m - amulet of magic regeneration
HPRegen  0.38/turn              k - ring of protection from fire
MPRegen  0.38/turn              V - ring of resist corrosion

@: berserking, starving, repel missiles, very quick
A: change form in water, swift swim, stealthy swim
a: Berserk, Trog's Hand, Brothers in Arms, Renounce Religion


You were on level 5 of the Lair of Beasts.
You worshipped Trog.
Trog was greatly pleased with you.
You were starving.

You visited 3 branches of the dungeon, and saw 16 of its levels.
You also visited: Sewer.

You collected 1030 gold pieces.

Inventory:

Hand Weapons
 R - a +4 trident (weapon)
 X - the +8 demon blade "Leech" {vamp, rN+ AC-3 EV-3}
   (You found it on level 2 of the Lair of Beasts)

   It inflicts no extra harm, but heals its wielder when it wounds a living foe.
   It affects your AC (-3).
   It affects your evasion (-3).
   It protects you from negative energy.
Missiles
 d - a throwing net (quivered)
Armour
 b - a +0 helmet
 c - a +0 shield (worn)
 g - +0 acid dragon scales
 o - a +2 cloak
 p - a +2 hat (worn)
 x - a scarf of repulsion (worn)
 K - a +0 plate armour (worn)
 T - the +0 scale mail of Dishonour {MR+}
   (You found it on level 1 of the Lair of Beasts)

   It affects your resistance to hostile enchantments.
 U - a +1 pair of boots (worn)
Jewellery
 k - a ring of protection from fire (left hand)
 m - an amulet of magic regeneration (around neck)
 A - the amulet of Jealousy {Spirit Int+3}
   (You found it on level 4 of the Dungeon)

   [amulet of guardian spirit]

   It causes incoming damage to be split between your health and magic.
   It affects your intelligence (+3).
 V - a ring of resist corrosion (right hand)
Wands
 a - a wand of flame (9)
 q - a wand of random effects (9)
 r - a wand of digging (15)
 s - a wand of polymorph (8)
 y - a wand of paralysis (15)
 C - a wand of scattershot (4)
 N - a wand of acid (5)
Scrolls
 e - a scroll of vulnerability {unknown}
 i - 2 scrolls of magic mapping
 j - 3 scrolls of immolation
 l - 2 scrolls of fear {unknown}
 n - 8 scrolls of teleportation
 w - 4 scrolls of fog {unknown}
 F - 6 scrolls of enchant armour
 G - 2 scrolls of remove curse
 M - a scroll of enchant weapon {unknown}
 O - 3 scrolls of blinking {unknown}
 P - a scroll of noise {unknown}
 S - a scroll of silence {unknown}
 Y - a scroll of summoning {unknown}
 Z - a scroll of torment {unknown}
Potions
 h - 6 potions of cancellation
 t - 11 potions of flight
 u - a potion of resistance {unknown}
 v - a potion of degeneration
 z - 2 potions of haste
 D - 2 potions of brilliance
 E - a potion of heal wounds
 H - 5 potions of lignification {unknown}
 I - 2 potions of ambrosia {unknown}
 J - 6 potions of curing
 Q - 4 potions of mutation {unknown}
 W - a potion of agility {unknown}
Comestibles
 f - 23 rations


   Skills:
 + Level 15.0 Fighting
 - Level 14.0 Polearms
 - Level 2.4 Armour
 - Level 0.3 Dodging
 + Level 13.9 Shields


You had 12 spell levels left.
You didn't know any spells.
Your spell library was empty.

Dungeon Overview and Level Annotations

Branches:
Dungeon (10/15)            Temple (1/1) D:7            Lair (5/6) D:10
  Swamp (0/4) Lair:4       Spider (0/4) Lair:4        Slime (0/5) Lair:5
    Orc: D:9-12

Altars:
Ashenzari
Cheibriados
Dithmenos
Elyvilon
Fedhas
Gozag
Hepliaklqana
Kikubaaqudgha
Makhleb
Nemelex Xobeh
Okawaru
Qazlal
Ru
Sif Muna
Trog
Uskayaw
Vehumet
Wu Jian
Xom
Yredelemnul
Zin
The Shining One

Shops:
D:5 *

Annotations:
D:5 bucler rPois


Message History

You block the death yak's attack. x2
The wall burns the spiny frog!
You hit the death yak but do no damage. You block the death yak's attack. x2
You puncture the death yak!
The death yak is lightly wounded.
The spiny frog stings you but does no damage.
You impale the death yak!!
The death yak is heavily wounded.
You hit the death yak but do no damage.
The death yak is heavily wounded.
The death yak closely misses you. You block the death yak's attack.
You block the spiny frog's attack.
You hit the death yak.
The death yak is heavily wounded.
You hit the death yak but do no damage.
The death yak is heavily wounded.
The death yak gores you!
* * * LOW HITPOINT WARNING * * *
The death yak gores you!
You die...

..##.#..#P....
....##.....P... ...#
..#......#.P# .#..P###..
.####.......###....PP..#
#.##..................##
##......................
......#.........#.#.....
........................
###...##.......F@.......
.#.#.##.)....#.YY....#..
###..##..........>......
.#......#....#.......#..
.......##..........$....
.#......................
..........P.....#.#.....
#......#...............#
#.....P##.#


You could see 2 death yaks and a spiny frog.

Vanquished Creatures
  A hydra (Lair:5)
  A two-headed ogre (D:7)
  7 death yaks
  Sonja (D:10)
  2 oklob plants (Lair:3)
  Joseph (D:9)
  A black mamba (Lair:1)
  4 spiny frogs
  2 rime drakes (Lair:1)
  8 komodo dragons
  2 jumping spiders (Lair:4)
  A hornet (D:10)
  Grinder (D:5)
  4 blink frogs (Lair:4)
  6 hippogriffs
  3 redbacks (Lair:4)
  A wyvern (Lair:3)
  A spriggan (D:8)
  26 yaks
  A basilisk (Lair:3)
  Eustachio (D:5)
  A swamp worm (Lair:4)
  10 porcupines
  8 water moccasins
  5 orc warriors
  4 black bears
  A hornet zombie (D:7)
  An ice beast (D:7)
  An ogre (D:5)
  2 phantoms
  3 sky beasts
  5 wolves (Lair:2)
  2 centaurs
  8 crocodiles
  13 bullfrogs
  2 big kobolds
  A wyvern zombie (D:10)
  3 scorpions
  A water moccasin skeleton (D:7)
  12 killer bees
  16 wights
  5 howler monkeys
  2 crimson imps (D:8)
  A centaur zombie (D:7)
  7 jellies
  2 bullfrog skeletons
  A gnoll shaman (D:6)
  9 orc wizards
  2 centaur skeletons
  5 orc priests
  2 hounds
  Ijyb (D:4)
  6 iguanas
  8 worker ants
  A howler monkey zombie (D:5)
  A worker ant zombie (D:5)
  Robin (D:2)
  5 gnolls
  8 adders
  2 river rats (D:3)
  3 shadow imps
  10 oozes
  An adder skeleton (D:8)
  An adder zombie (D:8)
  5 worms
  15 leopard geckos
  31 orcs
  4 ball pythons
  10 bats
  5 giant cockroaches
  2 gnoll zombies (D:5)
  13 goblins
  7 hobgoblins
  10 jackals
  19 kobolds
  A quokka (D:8)
  9 frilled lizards
  A quokka skeleton (D:6)
  9 rats
  5 fungi (D:10)
  2 plants
406 creatures vanquished.

Vanquished Creatures (others)
  2 death yaks (Lair:5)
  A lindwurm (Lair:5)
  28 fungi
  11 plants (D:10)
42 creatures vanquished.

Grand Total: 448 creatures vanquished

Notes
Turn   | Place    | Note
-------+----------+-------------------------------------------
     0 | D:1      | misha the Merfolk Fighter began the quest for the Orb.
     0 | D:1      | Reached XP level 1. HP: 18/18 MP: 1/1
    43 | D:1      | Reached XP level 2. HP: 24/24 MP: 2/2
   513 | D:1      | Reached XP level 3. HP: 29/29 MP: 3/3
  1438 | D:2      | Noticed Robin
  1647 | D:2      | Reached XP level 4. HP: 33/37 MP: 4/4
  2695 | D:2      | Killed Robin
  3064 | D:3      | Reached skill level 4 in Fighting
  3094 | D:3      | Found a glowing drain.
  3197 | Sewer    | Entered a sewer
  3199 | Sewer    | Reached skill level 5 in Polearms
  3205 | Sewer    | Reached XP level 5. HP: 37/42 MP: 5/5
  3924 | D:3      | Found a sparkling altar of Nemelex Xobeh.
  4015 | D:3      | Found an ancient bone altar of Kikubaaqudgha.
  4716 | D:4      | Reached XP level 6. HP: 49/49 MP: 6/6
  4797 | D:4      | Got a heavily runed emerald amulet
  5217 | D:4      | Noticed Ijyb
  5236 | D:4      | Killed Ijyb
  5236 | D:4      | Reached skill level 5 in Fighting
  5389 | D:5      | Entered Level 5 of the Dungeon
  5480 | D:5      | Found a basalt altar of Yredelemnul.
  5555 | D:5      | Noticed Eustachio
  5558 | D:5      | Found Filum's Serpentskin Sales.
  5558 | D:5      | Noticed a water moccasin
  5598 | D:4      | Killed a water moccasin
  5598 | D:4      | Reached XP level 7. HP: 43/56 MP: 7/7
  5730 | D:4      | Identified the amulet of Jealousy {Spirit Int+3} (You found
                  | it on level 4 of the Dungeon)
  5912 | D:5      | Noticed Grinder
  5918 | D:5      | Reached skill level 5 in Shields
  5950 | D:5      | Paralysed by Grinder for 7 turns
  5961 | D:5      | Paralysed by Grinder for 3 turns
  6033 | D:5      | Paralysed by Grinder for 7 turns
  6046 | D:5      | Killed Grinder
  6046 | D:5      | Reached XP level 8. HP: 22/64 MP: 8/8
  6604 | D:5      | Reached skill level 6 in Fighting
  6712 | D:5      | Killed Eustachio
  6712 | D:5      | Reached skill level 10 in Polearms
  7460 | D:6      | Found an iron altar of Okawaru.
  8667 | D:6      | Reached XP level 9. HP: 70/71 MP: 9/9
  8803 | D:7      | Reached skill level 7 in Fighting
  9085 | D:7      | Found a staircase to the Ecumenical Temple.
  9100 | Temple   | Entered the Ecumenical Temple
 10495 | D:7      | Reached skill level 8 in Fighting
 10498 | D:7      | Found a snail-covered altar of Cheibriados.
 10815 | D:8      | Reached XP level 10. HP: 51/80 MP: 7/10
 11083 | D:8      | Found a shimmering altar of Xom.
 11102 | D:8      | Noticed a two-headed ogre
 11220 | D:8      | Found a bloodstained altar of Trog.
 11449 | D:8      | Found a hide-covered altar of Uskayaw.
 11753 | D:8      | Found a bloodstained altar of Trog.
 11765 | D:8      | Became a worshipper of Trog the Wrathful
 11803 | D:8      | Reached skill level 9 in Fighting
 12167 | D:9      | Found an opulent altar of Gozag.
 12194 | D:9      | Noticed Joseph
 12225 | D:9      | Killed Joseph
 13340 | D:9      | Reached * piety under Trog
 13476 | D:7      | Killed a two-headed ogre
 13476 | D:7      | Reached skill level 10 in Fighting
 13663 | D:9      | Found a deep blue altar of Sif Muna.
 13840 | D:9      | Reached XP level 11. HP: 86/92 MP: 11/11
 13944 | D:10     | Entered Level 10 of the Dungeon
 13990 | D:9      | Reached skill level 10 in Shields
 14257 | D:10     | Reached skill level 11 in Fighting
 14333 | D:10     | Found a staircase to the Lair.
 14395 | D:10     | Reached ** piety under Trog
 14889 | D:10     | Noticed Sonja
 14915 | D:10     | Killed Sonja
 15720 | Lair:1   | Entered Level 1 of the Lair of Beasts
 15788 | Lair:1   | Reached skill level 12 in Fighting
 15838 | Lair:1   | Got a spiked scale mail
 15839 | Lair:1   | Identified the cursed +0 scale mail of Dishonour {MR+} (You
                  | found it on level 1 of the Lair of Beasts)
 17065 | Lair:2   | Reached XP level 12. HP: 90/103 MP: 9/12
 17330 | Lair:1   | HP: 4/103 [yak (6)]
 17787 | Lair:2   | Found the +8 demon blade "Leech" {vamp, rN+ AC-3 EV-3}
 17832 | Lair:2   | Reached *** piety under Trog
 17832 | Lair:2   | Reached skill level 13 in Fighting
 19505 | Lair:4   | Found a hole to the Spider Nest.
 19546 | Lair:4   | Found a staircase to the Swamp.
 19724 | Lair:4   | Noticed a death yak
 19725 | Lair:4   | Noticed a death yak
 19749 | Lair:3   | HP: 6/159 [yak (4)]
 20121 | Lair:4   | Noticed a death yak
 20140 | Lair:4   | Noticed a death yak
 20178 | Lair:3   | Killed a death yak
 20189 | Lair:3   | Killed a death yak
 20189 | Lair:3   | Reached skill level 14 in Fighting
 20584 | Lair:3   | Killed a death yak
 20594 | Lair:4   | Killed a death yak
 20642 | Lair:4   | Reached XP level 13. HP: 23/114 MP: 5/13
 21596 | Lair:4   | Reached **** piety under Trog
 22421 | Lair:5   | Found a staircase to the Slime Pits.
 22462 | Lair:5   | Reached skill level 15 in Fighting
 22469 | Lair:5   | Mangled by a death yak

Skill      XL: |  1  2  3  4  5  6  7  8  9 10 11 12 13 |
---------------+----------------------------------------+-----
Polearms       | 4 5 6 7 9 11 13 14 | 14.0
Fighting       | 4 5 6 8 10 12 14 15 | 15.0
Shields        | 4 5 6 7 9 11 13 | 13.9
Armour         | |  2.4
Dodging        | |  0.3

Action                   |  1- 3 |  4- 6 |  7- 9 | 10-12 | 13-15 || total
-------------------------+-------+-------+-------+-------+-------++-------
Melee: Trident           |   112 |   383 |   575 |  1119 |   171 ||  2360
       Tailslap          |       |     6 |       |       |       ||     6
Invok: Berserk           |       |       |       |     4 |     1 ||     5
Evoke: Wand              |       |       |     2 |     5 |       ||     7
  Use: Scroll            |     3 |       |     7 |     4 |     2 ||    16
       Potion            |       |     2 |     5 |     3 |       ||    10
 Stab: Sleeping          |     1 |       |       |       |       ||     1
  Eat: Chunk             |     1 |     6 |     5 |    18 |     1 ||    31
       Ration            |       |     2 |     4 |     5 |     1 ||    12
Armor: Scale mail        |    13 |    10 |       |       |       ||    23
       Acid dragon scale |    23 |     1 |       |     9 |       ||    33
       Chain mail        |       |   155 |    76 |       |       ||   231
       Plate armour      |       |       |   136 |   296 |    37 ||   469
Dodge: Dodged            |    31 |    59 |    58 |   117 |    18 ||   283
       Deflected         |       |       |     2 |    10 |       ||    12
Block: Shield            |    63 |   166 |   230 |   473 |    62 ||   994
